 Dungeon Crawl Stone Soup version 0.18.1-48-g4cf74bf (webtiles) character file.

5294 Alarkh the Archer (level 10, -5/67 HPs)
             Began as a Mummy Hunter on Aug 18, 2016.
             Was a Priest of Okawaru.
             Slain by a wyvern (15 damage)
             ... on level 9 of the Dungeon.
             The game lasted 00:27:56 (13536 turns).

Alarkh the Archer (Mummy Hunter)                   Turns: 13536, Time: 00:27:57

Health: -5/67      AC:  7    Str: 15    XL:     10   Next: 37%
Magic:  17/17      EV: 17    Int: 14    God:    Okawaru [***...]
Gold:   24         SH:  0    Dex: 13    Spells: 4 memorised, 8 levels left

rFire  x . .     SeeInvis +     b - +5 hand axe (elec)
rCold  + . .     Gourm    .     d - +2 robe {MR+}
rNeg   + + +     Faith    .     (no shield)
rPois  ∞         Spirit   .     o - +0 helmet
rElec  .         Dismiss  .     (no cloak)
rCorr  .         Reflect  .     G - +0 pair of gloves
SustAt .         Harm     .     A - +0 pair of boots {run}
MR     ++...                    H - amulet of regeneration
Stlth  +.........               t - +5 ring of evasion
                                x - ring of see invisible

@: quick, very resistant to hostile enchantments, very unstealthy
A: no food or potions, fire vulnerability, cold resistance 1, negative energy
resistance 3, torment resistance, unbreathing
a: Heroism, Renounce Religion


You were on level 9 of the Dungeon.
You worshipped Okawaru.
Okawaru was most pleased with you.
You were not hungry.

You visited 2 branches of the dungeon, and saw 12 of its levels.

You collected 630 gold pieces.
You spent 606 gold pieces at shops.

Inventory:

Hand Weapons
 a - a +1 shortbow
 b - a +5 hand axe of electrocution (weapon)
 m - a +0 short sword
 z - a +0 quarterstaff
Missiles
 E - 21 arrows
Armour
 c - a +0 leather armour
 d - a +2 robe of magic resistance (worn)
 k - a +0 leather armour
 o - a +0 helmet (worn)
 y - a +0 ring mail of cold resistance
 A - a +0 pair of boots of running (worn)
 G - a +0 pair of gloves (worn)
Jewellery
 e - an uncursed ring of protection from fire
 f - an uncursed ring of stealth
 h - an uncursed amulet of guardian spirit
 j - a +2 ring of strength
 t - a +5 ring of evasion (right hand)
 x - a ring of see invisible (left hand)
 H - an amulet of regeneration (around neck)
Wands
 w - a wand of heal wounds (0/9)
Scrolls
 g - 2 scrolls of enchant armour
 i - 2 scrolls of random uselessness
 l - a scroll of immolation
 p - 3 scrolls of remove curse
 q - a scroll of magic mapping {unknown}
 s - 2 scrolls of fog {unknown}
 u - a scroll of teleportation
 F - a scroll of vulnerability {unknown}
Books
 n - a book of Fire

   Spells                             Type                      Level
   a - Ignite Poison                  Fire/Transmutation/Poison    3
   b - Fireball                       Conjuration/Fire             5
   c - Bolt of Fire                   Conjuration/Fire             6
   d - Delayed Fireball               Conjuration/Fire             7
   e - Ring of Flames                 Charms/Fire                  7
 r - a book of Spatial Translocations

   Spells                             Type                      Level
   a - Apportation                    Translocation                1
   b - Blink                          Translocation                2
   c - Shroud of Golubria             Charms/Translocation         2
   d - Portal Projectile              Translocation                3
   e - Teleport Other                 Translocation                3
   f - Passage of Golubria            Translocation                4
 v - a book of Summonings

   Spells                             Type                      Level
   a - Recall                         Summoning/Translocation      3
   b - Aura of Abjuration             Summoning                    5
   c - Summon Demon                   Summoning                    5
   d - Summon Forest                  Summoning/Translocation      5
   e - Summon Mana Viper              Hexes/Summoning              5
   f - Shadow Creatures               Summoning                    6
 C - a book of Maledictions

   Spells                             Type                      Level
   a - Corona                         Hexes                        1
   b - Ensorcelled Hibernation        Hexes/Ice                    2
   c - Confuse                        Hexes                        3
   d - Tukima's Dance                 Hexes                        3
   e - Dazzling Spray                 Conjuration/Hexes            3
 D - a book of Beasts

   Spells                             Type                      Level
   a - Summon Butterflies             Summoning                    1
   b - Call Canine Familiar           Summoning                    3
   c - Summon Ice Beast               Ice/Summoning                4
   d - Summon Mana Viper              Hexes/Summoning              5
   e - Summon Hydra                   Summoning                    7
Miscellaneous
 B - a plain deck of wonders


   Skills:
 - Level 2.0 Fighting
 * Level 11.3 Bows
 - Level 1.5 Dodging
 - Level 0.7 Stealth
 - Level 5.0 Spellcasting
 - Level 5.0 Translocations


You had 8 spell levels left.
You knew the following spells:

 Your Spells              Type           Power        Failure   Level  Hunger
a - Portal Projectile     Tloc           ###...       10%         3    N/A
b - Apportation           Tloc           ###.......   2%          1    N/A
c - Blink                 Tloc           N/A          3%          2    N/A
d - Aura of Abjuration    Summ           #.........   100%        5    N/A

Dungeon Overview and Level Annotations

Branches:
Dungeon (11/15)            Temple (1/1) D:7             Orc (0/2) D:9
   Lair: D:8-11

Altars:
Ashenzari
Cheibriados
Elyvilon
Fedhas
Gozag
Kikubaaqudgha
Makhleb
Nemelex Xobeh
Okawaru
Pakellas
Ru
Sif Muna
Trog
Vehumet
Xom
Zin
The Shining One

Shops:
D:6 [:*   D:7 =[=

Annotations:
D:2 1 exclusion
D:10 Nergalle


Innate Abilities, Weirdness & Mutations

You do not eat or drink.
Your flesh is vulnerable to fire.
You are immune to poison.
Your flesh is cold resistant.
You are immune to negative energy.
You are immune to unholy pain and torment.
You can survive without breathing.


Message History

The arrow hits the wyvern but does no damage.
The wyvern is severely wounded.
The wyvern bites you!
You are too injured to fight recklessly!
You are too injured to fight recklessly!
You are too injured to fight recklessly!
You hear the crackle of electricity.
b - a +5 hand axe of electrocution (weapon)
The wyvern bites you!
* * * LOW HITPOINT WARNING * * *
You are too injured to fight recklessly!
You hit the wyvern.
The wyvern is severely wounded.
The wyvern closely misses you. The wyvern bites you!
* * * LOW HITPOINT WARNING * * *
Read which item? (? for menu, Esc to quit)
Okay, then.
The wyvern bites you but does no damage.
The wyvern bites you!
You die...

######## #. #.....[# .
#######.####.#
#.......####.#####. # ##
#.#####.##.........#
...####.##.#####.##.#.#######
#.#.##(...(...[##.##.#.#
........(##.##.l@......#
.#...(. ....#####.######
##...# ..#......<.#
##...##..#.########
.........#. ##l#..##.#.#
#.†.......# ####.###### #.#


You could see a wyvern.

Vanquished Creatures
  The ghost of barakagiga the Chiller, a novice DEIE of Sif Muna (D:6)
  A two-headed ogre (D:10)
  A yak (D:8)
  3 humans
  A hungry ghost (D:9)
  A hippogriff (D:8)
  A water moccasin (D:8)
  Duvessa (D:7)
  An orc warrior (D:8)
  2 ice beasts
  A phantom (D:6)
  4 black bears
  4 ogres
  3 centaurs
  7 big kobolds
  2 giant frogs
  Dowan (D:7)
  A scorpion (D:8)
  4 killer bees
  4 wights
  2 howler monkeys
  3 crimson imps
  A quasit (D:8)
  4 orc priests
  A giant frog skeleton (D:4)
  4 hounds
  A jelly (D:8)
  5 orc wizards
  2 iguanas
  8 worker ants
  3 sheep (D:8)
  3 hound skeletons
  2 hound zombies
  A howler monkey zombie (D:6)
  Robin (D:3)
  4 gnolls
  14 adders
  A shadow imp (D:6)
  2 oozes
  2 adder skeletons
  An adder zombie (D:6)
  4 worms
  3 dart slugs
  6 giant geckos
  28 orcs
  7 giant cockroaches
  17 goblins
  7 hobgoblins
  10 jackals
  49 kobolds
  4 quokkas
  A ball python (D:2)
  7 bats
  A giant gecko skeleton (D:4)
  7 giant newts
  A quokka skeleton (D:4)
  8 rats
269 creatures vanquished.

Notes
Turn   | Place    | Note
--------------------------------------------------------------
     0 | D:1      | Alarkh the Mummy Hunter began the quest for the Orb.
     0 | D:1      | Reached XP level 1. HP: 16/16 MP: 1/1
    83 | D:1      | Reached XP level 2. HP: 14/22 MP: 2/2
   226 | D:1      | Reached skill level 4 in Bows
   780 | D:1      | Reached XP level 3. HP: 27/27 MP: 3/3
  1276 | D:2      | Reached XP level 4. HP: 28/33 MP: 4/4
  1365 | D:2      | Found a glowing silver altar of Zin.
  1922 | D:3      | Reached skill level 5 in Bows
  2060 | D:3      | Reached XP level 5. HP: 33/38 MP: 5/5
  2320 | D:3      | Found a faded altar to an unknown god.
  2347 | D:3      | Became a worshipper of Ru the Awakened
  2347 | D:3      | Fell from the grace of Ru
  2413 | D:3      | Noticed Robin
  2851 | D:3      | Killed Robin
  2948 | D:4      | Reached skill level 6 in Bows
  3061 | D:4      | Reached XP level 6. HP: 42/44 MP: 6/6
  3248 | D:5      | Entered Level 5 of the Dungeon
  4482 | D:4      | Learned a level 3 spell: Portal Projectile
  5254 | D:5      | Found an ancient bone altar of Kikubaaqudgha.
  5380 | D:5      | Reached skill level 1 in Spellcasting
  5380 | D:5      | Reached XP level 7. HP: 34/50 MP: 5/8
  5535 | D:5      | Reached skill level 7 in Bows
  5565 | D:5      | Reached skill level 1 in Translocations
  6116 | D:5      | Learned a level 1 spell: Apportation
  6119 | D:5      | Learned a level 2 spell: Blink
  6361 | D:6      | Noticed barakagiga's ghost (novice DEIE)
  6362 | D:6      | Found a bloodstained altar of Trog.
  6804 | D:5      | Reached XP level 8. HP: 34/56 MP: 8/11
  7496 | D:6      | Reached skill level 8 in Bows
  7498 | D:6      | Found Qixanim's Antique Armour Boutique.
  7510 | D:6      | Found Cegomp's Book Boutique.
  7807 | D:6      | Found Doigan's Assorted Antiques.
  8301 | D:6      | Found a snail-covered altar of Cheibriados.
  8672 | D:7      | Found Goudaq's Jewellery Shoppe.
  8692 | D:7      | Bought a cursed ring of see invisible for 180 gold pieces
  8700 | D:7      | Noticed Dowan
  8706 | D:7      | Noticed Duvessa
  8734 | D:7      | Killed Duvessa
  8741 | D:7      | Killed Dowan
  8851 | D:7      | Found Feishrim's Antique Armour Emporium.
  9075 | D:7      | Bought a pair of runed boots for 126 gold pieces
  9080 | D:7      | Identified a +0 pair of boots of running (You bought it in a shop on level 7 of the Dungeon)
  9165 | D:7      | Found a glowing golden altar of the Shining One.
  9181 | D:7      | Found a staircase to the Ecumenical Temple.
  9192 | Temple   | Entered the Ecumenical Temple
  9284 | Temple   | Became a worshipper of Warmaster Okawaru
  9300 | D:7      | Found Hiwnunne's Jewellery Shoppe.
  9516 | D:7      | Found an iron altar of Okawaru.
  9529 | D:7      | Reached skill level 9 in Bows
  9529 | D:7      | Reached XP level 9. HP: 48/61 MP: 13/15
  9677 | D:6      | Reached * piety under Okawaru
  9704 | D:5      | Learned a level 5 spell: Aura of Abjuration
 10362 | D:5      | Reached skill level 5 in Spellcasting
 11019 | D:8      | Found a sparkling altar of Nemelex Xobeh.
 11070 | D:9      | HP: 3/61 [killer bee (1)]
 11082 | D:10     | Entered Level 10 of the Dungeon
 11082 | D:10     | Noticed Nergalle
 11332 | D:10     | Noticed a troll
 11444 | D:10     | Reached ** piety under Okawaru
 11444 | D:10     | Reached skill level 10 in Bows
 11474 | D:11     | Noticed a red ugly thing
 11543 | D:9      | Found a staircase to the Orcish Mines.
 11756 | D:8      | Reached skill level 5 in Translocations
 12152 | D:6      | Found a bloodstained altar of Trog.
 12153 | D:6      | Found Qixanim's Antique Armour Boutique.
 12159 | D:6      | Found Cegomp's Book Boutique.
 12208 | D:6      | Found a snail-covered altar of Cheibriados.
 12262 | D:6      | Killed barakagiga's ghost
 12262 | D:6      | Reached XP level 10. HP: 31/67 MP: 8/17
 12522 | D:7      | Bought an uncursed amulet of regeneration for 300 gold pieces
 12699 | D:8      | Reached *** piety under Okawaru
 12890 | D:8      | Reached skill level 11 in Bows
 13374 | D:8      | Received a gift from Okawaru
 13536 | D:9      | Slain by a wyvern

Skill      XL: |  1  2  3  4  5  6  7  8  9 10 |
---------------+-------------------------------+-----
Bows           | 4 5 6 7 9 10 11 | 11.3
Spellcasting   | 1 2 4 5 |  5.0
Translocations | 2 3 5 |  5.0
Fighting       | |  2.0
Dodging        | |  1.5
Stealth        | |  0.7

Action                   |  1- 3 |  4- 6 |  7- 9 | 10-12 || total
-------------------------+-------+-------+-------+-------++-------
Melee: Short sword       |    43 |       |       |       ||    43
       Quarterstaff      |       |   202 |   604 |       ||   806
       Hand axe          |       |       |    25 |    96 ||   121
 Fire: Shortbow          |    90 |   177 |   298 |    15 ||   580
Invok: Renounce Religion |       |     1 |       |       ||     1
       Heroism           |       |       |     3 |       ||     3
Evoke: Wand              |       |       |     4 |     1 ||     5
  Use: Scroll            |       |     4 |     4 |     6 ||    14
 Stab: Sleeping          |       |     3 |     2 |       ||     5
Armor: Leather armour    |    17 |   105 |    54 |       ||   176
       Robe              |       |       |   157 |    22 ||   179
Dodge: Dodged            |    43 |   255 |   913 |   113 ||  1324
